[Event "Titled Tuesday Blitz April 19 Late 2022"]
[White "Miszler, Levente"]
[Black "Omariev, Maksim"]
[WhiteFideId "763276"]
[BlackFideId "4193423"]
[WhiteElo "1966"]
[BlackElo "2509"]
[Result "1-0"]
[Round "06"]
[TimeControl "180+1"]
[Date "2022.04.19"]
[WhiteClock "0:00:54"]
[BlackClock "0:00:02"]

1. Nf3 d5 2. d4 Nf6 3. g3 c6 4. Bg2 Bf5 5. O-O e6 6. Nh4 Bg4 7. h3 Bh5 8. g4 Bg6 9. Nxg6 hxg6 10. Nd2 Bd6 11. c3 Nxg4 12. e4 Nh6 13. e5 Be7 14. Nf3 c5 15. Qb3 Qb6 16. Be3 c4 17. Qc2 Nf5 18. Bd2 Nd7 19. b3 Rc8 20. Rab1 Qa6 21. bxc4 Rxc4 22. Rfc1 Nb6 23. Bf1 Rh5 24. Qb3 Kf8 25. Kg2 Qa5 26. Bxc4 dxc4 27. Qb5 Qa3 28. Rc2 g5 29. Bc1 Qa6 30. Qxa6 bxa6 31. a4 Kg8 32. a5 Nd5 33. Rb7 g6 34. Rxa7 Kg7 35. Rxa6 Nh4+ 36. Nxh4 gxh4 37. Rc6 Rh8 38. Ra2 Ra8 39. a6 g5 40. a7 Kg6 41. Rca6 1-0


[Site "https://www.chess.com"]

[Event "Titled Tuesday Blitz April 19 Late 2022"]
[White "Mohammadian, Mohammad"]
[Black "Tsukerman, Julia"]
[WhiteFideId "12566055"]
[BlackFideId "2621649"]
[WhiteElo "1544"]
[BlackElo "2231"]
[Result "0-1"]
[Round "06"]
[TimeControl "180+1"]
[Date "2022.04.19"]
[WhiteClock "0:00:14"]
[BlackClock "0:00:48"]

1. e4 c5 2. Nf3 d6 3. d4 cxd4 4. Nxd4 Nf6 5. Nc3 a6 6. Be2 e5 7. Nb3 Be6 8. Be3 Be7 9. O-O Nbd7 10. f4 exf4 11. Bxf4 Ne5 12. Bxe5 dxe5 13. Qxd8+ Rxd8 14. Rad1 Bb4 15. Rxd8+ Kxd8 16. Rd1+ Ke7 17. Bd3 Rd8 18. Rf1 b5 19. a3 Bxc3 20. bxc3 Bc4 21. Rf3 Ke6 22. Nc5+ Ke7 23. Nxa6 Ra8 24. Nb4 Rxa3 25. Nc6+ Ke6 26. Kf2 Rxc3 27. Bxc4+ Rxc4 28. Nd8+ Ke7 29. Nb7 Nxe4+ 30. Ke3 Nf6 31. Kd2 e4 32. Re3 Nd5 33. Re2 Nf4 34. Re1 Nxg2 35. Rg1 Nh4 36. Rxg7 Nf3+ 37. Kc1 e3 38. Na5 e2 39. Nxc4 e1=Q+ 40. Kb2 bxc4 41. Rg3 c3+ 42. Kb3 Nd4+ 43. Kc4 Qxg3 44. hxg3 Ne2 45. Kd3 Nxg3 46. Kxc3 h5 47. Kd3 h4 48. Ke3 h3 49. Kf3 h2 50. Kxg3 h1=Q 51. Kf4 Qh3 52. Ke4 f5+ 53. Kd4 f4 54. c4 f3 55. c5 f2 56. c6 f1=Q 57. c7 Qd1+ 58. Ke4 Qdd3+ 59. Ke5 Qh5+ 60. Kf4 Qdf3# 0-1


[Site "https://www.chess.com"]

[Event "Titled Tuesday Blitz April 19 Late 2022"]
[White "Naroditsky, Daniel"]
[Black "Holt, Conrad"]
[WhiteFideId "2026961"]
[BlackFideId "2034387"]
[WhiteElo "2608"]
[BlackElo "2586"]
[Result "1-0"]
[Round "06"]
[TimeControl "180+1"]
[Date "2022.04.19"]
[WhiteClock "0:00:58"]
[BlackClock "0:00:01"]

1. d4 d5 2. Bf4 c5 3. e3 Nc6 4. Nc3 cxd4 5. exd4 a6 6. Nf3 Bg4 7. Be2 e6 8. Ne5 Bxe2 9. Nxe2 Nxe5 10. Bxe5 Ne7 11. O-O Nc6 12. Bg3 Be7 13. c3 O-O 14. Nf4 b5 15. a3 a5 16. b4 Ra7 17. Qe2 Qa8 18. Rac1 axb4 19. axb4 Qb7 20. Nd3 Rfa8 21. h4 Ra3 22. h5 Bg5 23. Rc2 h6 24. Nc5 Qb6 25. Qg4 Be7 26. f4 Bd6 27. Nxe6 Bf8 28. Nc5 Re8 29. f5 Qb8 30. Bxb8 1-0


[Site "https://www.chess.com"]

[Event "Titled Tuesday Blitz April 19 Late 2022"]
[White "Nathan, Nitish"]
[Black "Maevsky, Nikolay"]
[WhiteFideId "30927870"]
[BlackFideId "4198220"]
[WhiteElo "2287"]
[BlackElo "2126"]
[Result "1-0"]
[Round "06"]
[TimeControl "180+1"]
[Date "2022.04.19"]
[WhiteClock "0:00:18"]
[BlackClock "0:00:01"]

1. d4 d5 2. Bf4 Nf6 3. e3 c5 4. c3 Nc6 5. Nd2 Bf5 6. Qb3 Qd7 7. Ngf3 c4 8. Qd1 e6 9. Be2 b5 10. a3 Bd6 11. Ne5 Bxe5 12. dxe5 Ne4 13. Nxe4 Bxe4 14. Bf3 Bd3 15. Be2 Bg6 16. h4 h5 17. a4 b4 18. cxb4 Nxb4 19. O-O Bc2 20. Qd2 a5 21. Rfc1 Bxa4 22. Bf3 Nd3 23. Rxc4 dxc4 24. Bxa8 O-O 25. Be4 Rd8 26. Qxa5 Nxb2 27. Qb4 Qb5 28. Qe7 Rc8 29. Qg5 Qe8 30. Qxh5 g6 31. Qg4 c3 32. h5 c2 33. Rc1 Rc4 34. hxg6 Rxe4 35. gxf7+ Kxf7 36. Qh5+ Ke7 37. Qh7+ Kd8 38. Qxe4 Qb5 39. Rxc2 Bxc2 40. Qxc2 Nc4 41. Qg6 Kd7 42. Qf7+ Kd8 43. Bg5+ Kc8 44. Qxe6+ Kb8 45. Qg8+ Kb7 46. Bf4 Qb1+ 47. Kh2 Qe4 48. f3 Qc6 49. Qf7+ Ka6 50. e6 Nd2 51. e7 Nf1+ 52. Kh3 Qc8+ 53. g4 Qh8+ 54. Qh5 Qe8 55. Qxe8 1-0


[Site "https://www.chess.com"]

[Event "Titled Tuesday Blitz April 19 Late 2022"]
[White "Novikova, Galina"]
[Black "Baches Garcia, Guillermo"]
[WhiteFideId "4157095"]
[BlackFideId "2209764"]
[WhiteElo "1863"]
[BlackElo "2501"]
[Result "0-1"]
[Round "06"]
[TimeControl "180+1"]
[Date "2022.04.19"]
[WhiteClock "0:00:17"]
[BlackClock "0:00:07"]

1. e4 c5 2. Nf3 d6 3. d4 cxd4 4. Nxd4 Nf6 5. Nc3 Nc6 6. h3 g6 7. Be2 Bg7 8. Be3 O-O 9. O-O Bd7 10. Nb3 a6 11. Qd2 Re8 12. Bh6 Bh8 13. f4 b5 14. Bf3 Rc8 15. Rae1 Be6 16. Qf2 Bc4 17. Be2 Qc7 18. Bxc4 bxc4 19. Nd2 Qa7 20. Nxc4 Qxf2+ 21. Rxf2 Nd7 22. Rd2 Bxc3 23. bxc3 f6 24. Ne3 Nc5 25. Nd5 Kf7 26. Nb4 a5 27. Nd3 Na7 28. e5 Nxd3 29. Rxd3 Rc6 30. exd6 exd6 31. Red1 Nb5 32. h4 Nxc3 33. Rxd6 Rxd6 34. Rxd6 Re7 35. f5 gxf5 36. Ra6 Nxa2 37. Rxa5 Nc3 38. Rxf5 Re2 39. Rf2 Re4 40. Rf4 Ne2+ 41. Kf2 Nxf4 42. Kf3 Rc4 43. Bxf4 Rxc2 44. g3 Rc4 45. Kg4 Kg6 46. Kf3 h5 47. Ke3 Kf5 48. Kf3 Rc3+ 49. Ke2 Kg4 50. Kf2 Rf3+ 51. Kg2 Rxf4 52. gxf4 Kxf4 53. Kh3 Kf3 54. Kh2 Kg4 55. Kg2 Kxh4 56. Kf3 Kg5 0-1


[Site "https://www.chess.com"]

[Event "Titled Tuesday Blitz April 19 Late 2022"]
[White "Nozdrachev, Leonid"]
[Black "Sarkar, Justin"]
[WhiteFideId "24113433"]
[BlackFideId "2010011"]
[WhiteElo "2242"]
[BlackElo "2038"]
[Result "0-1"]
[Round "06"]
[TimeControl "180+1"]
[Date "2022.04.19"]
[WhiteClock "0:00:11"]
[BlackClock "0:00:07"]

1. d3 d5 2. Nf3 Nf6 3. g3 c5 4. Bg2 Nc6 5. O-O e5 6. c4 Be7 7. Nc3 d4 8. Na4 O-O 9. a3 Bf5 10. Nh4 Be6 11. Bd2 Nd7 12. Nf3 a5 13. Be1 f5 14. Nd2 Qc7 15. b3 Nf6 16. Ra2 Bd6 17. Qb1 Rfe8 18. Nf3 h6 19. Nh4 g5 20. Nf3 e4 21. Nd2 e3 22. fxe3 dxe3 23. Nf3 f4 24. Nc3 Rf8 25. Nb5 Qd7 26. Bc3 Bf5 27. Qa1 Be7 28. Ne5 Nxe5 29. Bxe5 Ng4 30. Bd5+ Kh7 31. Bg7 Bf6 32. Bxf6 Nxf6 33. Qe5 Nxd5 34. Qxd5 Rae8 35. Qxc5 Bh3 36. Rf3 Bg4 37. Qd6 Qxd6 38. Nxd6 Bxf3 39. Nxe8 Rxe8 40. gxf4 gxf4 41. b4 Bxe2 42. Rxe2 f3 43. Rf2 exf2+ 44. Kxf2 Re2+ 45. Kxf3 Ra2 46. b5 Rxa3 47. Ke4 Rb3 48. d4 a4 49. d5 a3 50. d6 Rb1 51. c5 a2 52. d7 Rd1 53. c6 bxc6 54. bxc6 a1=Q 55. c7 Qa4+ 56. Ke5 Qxd7 57. h4 Qxc7+ 58. Kf6 Rh1 59. h5 Rxh5 60. Ke6 Qc6+ 61. Kf7 Rd5 62. Kf8 Rd7 63. Ke8 Qc8# 0-1


[Site "https://www.chess.com"]

[Event "Titled Tuesday Blitz April 19 Late 2022"]
[White "Ozdemir, Serhan Berat"]
[Black "Jarocka, Liwia"]
[WhiteFideId "6374611"]
[BlackFideId "21807558"]
[WhiteElo "1920"]
[BlackElo "1896"]
[Result "0-1"]
[Round "06"]
[TimeControl "180+1"]
[Date "2022.04.19"]
[WhiteClock "0:00:04"]
[BlackClock "0:00:58"]

1. e4 c5 2. Nf3 d6 3. d4 cxd4 4. Nxd4 Nf6 5. Nc3 a6 6. f3 e5 7. Nb3 Be7 8. Be3 Be6 9. Qd2 Nc6 10. O-O-O O-O 11. g4 b5 12. g5 Ne8 13. Nd5 Bxd5 14. exd5 Nb8 15. h4 Nc7 16. h5 a5 17. Kb1 a4 18. Nc1 a3 19. b3 Nd7 20. g6 f5 21. gxh7+ Kh8 22. f4 e4 23. Ne2 Nf6 24. Nd4 Nfxd5 25. Ne6 Nxe6 26. Qxd5 Nc7 27. Qd2 d5 28. Bd4 Bf6 29. Bh3 Bxd4 30. Qxd4 Qf6 31. Qc5 Rf7 32. c3 Rd8 33. Bf1 Ne6 34. Qb6 Nxf4 35. Bxb5 Qxb6 0-1


[Site "https://www.chess.com"]

[Event "Titled Tuesday Blitz April 19 Late 2022"]
[White "Petesch, Gabriel"]
[Black "Zong, Davis"]
[WhiteFideId "2032465"]
[BlackFideId "30903955"]
[WhiteElo "2374"]
[BlackElo "2061"]
[Result "1-0"]
[Round "06"]
[TimeControl "180+1"]
[Date "2022.04.19"]
[WhiteClock "0:00:06"]
[BlackClock "0:00:01"]

1. Nf3 d5 2. g3 c6 3. Bg2 Bg4 4. O-O Nd7 5. d4 Ngf6 6. Nbd2 e6 7. b3 Be7 8. Bb2 O-O 9. c4 Re8 10. Re1 h6 11. Ne5 Nxe5 12. dxe5 Nd7 13. Qc2 Bf5 14. e4 dxe4 15. Bxe4 Bxe4 16. Nxe4 Nc5 17. Nd6 Bxd6 18. Rad1 a5 19. Qe2 Qg5 20. exd6 Red8 21. Ba3 Nd7 22. Rd4 c5 23. Rg4 Qf6 24. Bb2 e5 25. Rd1 Ra6 26. Qd2 Nf8 27. Qe2 Ng6 28. f4 Raxd6 29. Rxd6 Qxd6 30. fxe5 Qd2 31. Re4 Qxe2 32. Rxe2 Nf8 33. Bc3 b6 34. a3 Ne6 35. b4 axb4 36. axb4 cxb4 37. Bxb4 Rd4 38. Bd6 Rxc4 39. Rb2 Rc6 40. Kf2 Nc5 41. Ke3 f6 42. Kd4 Kf7 43. Kd5 Rc8 44. Rxb6 Nd3 45. Rb7+ Kg6 46. e6 1-0


[Site "https://www.chess.com"]

[Event "Titled Tuesday Blitz April 19 Late 2022"]
[White "Petrova, Irina"]
[Black "Fonseca Manrique, Enrique"]
[WhiteFideId "14124122"]
[BlackFideId "5114330"]
[WhiteElo "1993"]
[BlackElo "2564"]
[Result "1-0"]
[Round "06"]
[TimeControl "180+1"]
[Date "2022.04.19"]
[WhiteClock "0:00:06"]
[BlackClock "0:00:18"]

1. e4 c5 2. Nf3 e6 3. b3 d5 4. exd5 Qxd5 5. Nc3 Qd8 6. g3 Nf6 7. Bg2 Be7 8. O-O O-O 9. Bb2 Nc6 10. d3 Nd4 11. Ne2 Nxf3+ 12. Bxf3 Qc7 13. Re1 Bd7 14. Nc3 Bc6 15. Ne4 Nd7 16. Bg2 b5 17. Qg4 e5 18. Qh3 Rfe8 19. c4 a6 20. Nc3 Bd6 21. Nd5 Qb7 22. Be4 h6 23. Qf5 Nf8 24. Bc1 Qc8 25. Qf3 Bxd5 26. Bxd5 Ra7 27. Be3 Ne6 28. Qg4 Nd4 29. Qxc8 Rxc8 30. Bxd4 cxd4 31. Re2 Kf8 32. Rae1 f6 33. f3 bxc4 34. bxc4 Rb8 35. Rc2 a5 36. Ree2 Ba3 37. Kg2 Ke7 38. c5 Rc7 39. c6 Rb5 40. Be4 Kd6 41. g4 g6 42. h4 f5 43. gxf5 gxf5 44. Bxf5 Rxc6 45. Rxc6+ Kxc6 46. Rc2+ Kd6 47. Be4 a4 48. Kh3 Bb2 49. Kg4 Bc3 50. Kh5 Rb1 51. Kxh6 Rh1 52. Kh5 Kc5 53. Kg4 Kb4 54. h5 a3 55. Kg5 Bb2 56. Kg6 Ra1 57. h6 Rxa2 58. h7 Ra1 59. h8=Q Rg1+ 60. Kf7 Kb3 61. Rc8 Bc3 62. Rb8+ Kc2 63. Qh2+ 1-0


[Site "https://www.chess.com"]

[Event "Titled Tuesday Blitz April 19 Late 2022"]
[White "Piliczewski, Bogusz"]
[Black "Karwowski, Kacper"]
[WhiteFideId "1104144"]
[BlackFideId "1126032"]
[WhiteElo "1896"]
[BlackElo "2261"]
[Result "0-1"]
[Round "06"]
[TimeControl "180+1"]
[Date "2022.04.19"]
[WhiteClock "0:00:01"]
[BlackClock "0:00:05"]

1. d4 d5 2. Nf3 Nf6 3. c4 c6 4. e3 e6 5. Bd3 Nbd7 6. Nbd2 dxc4 7. Nxc4 b5 8. Nce5 Bb7 9. Qb3 Nxe5 10. Nxe5 Bd6 11. O-O O-O 12. f4 a6 13. a4 Qb6 14. Bd2 c5 15. dxc5 Bxc5 16. Kh1 Ne4 17. Bxe4 Bxe4 18. Nd7 Qc6 19. Nxf8 Bxg2+ 20. Kg1 Bxf1 21. Rxf1 Bxf8 22. Kf2 bxa4 23. Qc3 Rc8 24. Qxc6 Rxc6 25. Bc3 a3 26. Kf3 axb2 27. Bxb2 h6 28. Bd4 Bb4 29. Rg1 Bf8 30. h4 Kh7 31. Ra1 g6 32. Rb1 Bg7 33. Bxg7 Kxg7 34. Rb3 a5 35. e4 a4 36. Ra3 Ra6 37. e5 Kf8 38. Ke4 Ke7 39. h5 gxh5 40. f5 Kd7 41. f6 Kc6 42. Kf4 Kd5 43. Rd3+ Kc4 44. Rd7 a3 45. Rxf7 a2 46. Rc7+ Kd5 47. Rd7+ Kc4 48. Rc7+ Kd3 49. Rc1 a1=Q 50. Rxa1 Rxa1 0-1


[Site "https://www.chess.com"]

[Event "Titled Tuesday Blitz April 19 Late 2022"]
[White "Pinheiro, Iung Alicio de O."]
[Black "Urazayev, Arystanbek"]
[WhiteFideId "2104350"]
[BlackFideId "13709810"]
[WhiteElo "2596"]
[BlackElo "2422"]
[Result "1-0"]
[Round "06"]
[TimeControl "180+1"]
[Date "2022.04.19"]
[WhiteClock "0:00:15"]
[BlackClock "0:00:25"]

1. c4 Nf6 2. g3 g6 3. Bg2 Bg7 4. Nc3 O-O 5. d3 d6 6. Bg5 c5 7. Qd2 Nc6 8. Nf3 a6 9. a3 Rb8 10. Rb1 Bg4 11. O-O Bxf3 12. Bxf3 Nd4 13. Bg2 b5 14. cxb5 axb5 15. b4 Qd7 16. Rfc1 Rfc8 17. e3 Ne6 18. Bxf6 Bxf6 19. Bh3 Qa7 20. bxc5 Rxc5 21. Bxe6 fxe6 22. Ne4 Rxc1+ 23. Qxc1 Qd7 24. d4 Bg7 25. Qb2 Qc6 26. Ng5 Qd5 27. h4 h6 28. Nh3 e5 29. dxe5 Bxe5 30. Qc2 Qe6 31. Nf4 Bxf4 32. exf4 Rc8 33. Qd3 Kg7 34. Rxb5 Rc1+ 35. Kg2 Qe1 36. Qd4+ Kh7 37. Kf3 Qh1+ 38. Kg4 h5+ 39. Kg5 Qf3 40. f5 gxf5 41. Rxf5 Rc5 42. Rxc5 dxc5 43. Qf4 Qd5+ 44. Qf5+ Qxf5+ 45. Kxf5 Kg7 46. Ke5 e6 47. Ke4 Kf7 48. f3 Ke7 49. g4 hxg4 50. fxg4 Kf6 51. h5 e5 52. a4 c4 53. a5 c3 54. Kd3 Kg5 55. Kxc3 Kf4 56. a6 e4 57. a7 e3 58. a8=Q e2 59. Qf8+ Kg3 60. Qe7 Kf2 61. Qxe2+ 1-0


[Site "https://www.chess.com"]

[Event "Titled Tuesday Blitz April 19 Late 2022"]
[White "Prohorov, Olexandr"]
[Black "Solon, Nathan"]
[WhiteFideId "14105578"]
[BlackFideId "2017229"]
[WhiteElo "1993"]
[BlackElo "2560"]
[Result "0-1"]
[Round "06"]
[TimeControl "180+1"]
[Date "2022.04.19"]
[WhiteClock "0:00:05"]
[BlackClock "0:00:11"]

1. Nf3 d5 2. d4 Nf6 3. c4 e6 4. Nc3 a6 5. Bf4 dxc4 6. a4 Bb4 7. e3 Nd5 8. Qc2 Nxf4 9. exf4 Nc6 10. Rd1 b5 11. Be2 O-O 12. O-O Bxc3 13. Ng5 g6 14. Qxc3 Ne7 15. Qh3 h5 16. axb5 Nd5 17. Bxc4 axb5 18. Bxb5 Rb8 19. Bc4 Rxb2 20. Qa3 Rb6 21. g3 Bb7 22. Rfe1 Qd6 23. Qd3 Kg7 24. h4 Nf6 25. Qe2 Qc6 26. f3 Re8 27. Rc1 Qd7 28. Qe5 Rd8 29. Red1 Qd6 30. Bd3 Qxe5 31. dxe5 Nd5 32. Be4 c6 33. Rb1 Rxb1 34. Rxb1 Ba6 35. Ra1 Nb4 36. Ra4 c5 37. Kf2 Rd2+ 38. Ke3 Rg2 39. Ra5 Re2# 0-1


[Site "https://www.chess.com"]

[Event "Titled Tuesday Blitz April 19 Late 2022"]
[White "Ricaurte Lopez, Juan Carlos"]
[Black "Bas Mas, Jose Joaquin"]
[WhiteFideId "3600327"]
[BlackFideId "22219064"]
[WhiteElo "2209"]
[BlackElo "2212"]
[Result "0-1"]
[Round "06"]
[TimeControl "180+1"]
[Date "2022.04.19"]
[WhiteClock "0:00:09"]
[BlackClock "0:00:09"]

1. e4 c5 2. Nf3 d6 3. d4 cxd4 4. Nxd4 Nf6 5. Nc3 g6 6. f4 Nc6 7. Nf3 Bg7 8. Bc4 O-O 9. O-O Nd7 10. Kh1 Nb6 11. Bb3 Na5 12. Qe2 Bd7 13. Be3 Rc8 14. Bd4 Nbc4 15. Bxg7 Kxg7 16. Rab1 Nxb2 17. Nd5 Na4 18. c4 Nc5 19. e5 Bf5 20. Rbd1 Re8 21. Nd4 Be4 22. Nb5 a6 23. Nbc3 Bf5 24. g4 Bd7 25. f5 Bc6 26. e6 f6 27. fxg6 hxg6 28. g5 f5 29. Rfe1 Rh8 30. Qb2 Kg8 31. Ne2 Naxb3 32. axb3 Qf8 33. Nf4 Qg7 34. Kg1 Qxb2 35. Re2 Bxd5 0-1


[Site "https://www.chess.com"]

[Event "Titled Tuesday Blitz April 19 Late 2022"]
[White "Riehle, Marco"]
[Black "Czopor, Maciej"]
[WhiteFideId "12904392"]
[BlackFideId "21805431"]
[WhiteElo "2538"]
[BlackElo "2697"]
[Result "0-1"]
[Round "06"]
[TimeControl "180+1"]
[Date "2022.04.19"]
[WhiteClock "0:01:19"]
[BlackClock "0:01:07"]

1. e4 c6 2. c4 e5 3. d4 exd4 4. Qxd4 Na6 5. Nc3 Ne7 6. f4 Qb6 7. Qxb6 axb6 8. Nf3 Nc5 9. Be3 d6 10. O-O-O Ng6 11. g3 Bg4 12. Be2 Be7 13. h3 Bxf3 14. Bxf3 h5 15. Rhe1 Bf6 16. Bd4 Bxd4 17. Rxd4 Rxa2 18. Rxd6 Ra1+ 19. Nb1 Ke7 20. e5 h4 21. Bxc6 bxc6 22. Rxc6 Nd3+ 23. Kd2 Nxe1 24. Kxe1 Rxb1+ 25. Kf2 Rxb2+ 26. Kf3 hxg3 27. Kxg3 Rb3+ 28. Kg4 Rh4+ 29. Kg5 Rg3+ 30. Kf5 Rxf4# 0-1


[Site "https://www.chess.com"]

[Event "Titled Tuesday Blitz April 19 Late 2022"]
[White "Romanchuk, Viktor"]
[Black "Mikhalsky, Vladimir"]
[WhiteFideId "14109271"]
[BlackFideId "14144352"]
[WhiteElo "2242"]
[BlackElo "2301"]
[Result "0-1"]
[Round "06"]
[TimeControl "180+1"]
[Date "2022.04.19"]
[WhiteClock "0:00:10"]
[BlackClock "0:00:17"]

1. d4 c5 2. d5 Nf6 3. c4 e6 4. Nc3 exd5 5. cxd5 d6 6. e4 g6 7. f4 Bg7 8. Nf3 O-O 9. Be2 b5 10. e5 dxe5 11. fxe5 Ng4 12. Bg5 Qb6 13. O-O c4+ 14. Kh1 Nxe5 15. Nxe5 Bxe5 16. Be7 Re8 17. d6 Be6 18. Nd5 Qd4 19. Nc7 Qxd1 20. Raxd1 Nd7 21. b3 Rac8 22. Nxe8 Rxe8 23. bxc4 bxc4 24. Rc1 Nb6 25. Rc2 f5 26. Rfc1 Kf7 27. Kg1 Bd5 28. Bxc4 Nxc4 29. Rxc4 Bxc4 30. Rxc4 Rb8 31. Rc7 Ke6 32. Rxa7 Bd4+ 33. Kf1 Bxa7 0-1


[Site "https://www.chess.com"]

[Event "Titled Tuesday Blitz April 19 Late 2022"]
[White "Romero Ruscalleda, Josep"]
[Black "Joubert, Dantelle"]
[WhiteFideId "2231859"]
[BlackFideId "14310813"]
[WhiteElo "2305"]
[BlackElo "1507"]
[Result "0-1"]
[Round "06"]
[TimeControl "180+1"]
[Date "2022.04.19"]
[WhiteClock "0:00:02"]
[BlackClock "0:00:15"]

1. e4 c5 2. c3 g6 3. d4 cxd4 4. cxd4 d5 5. Nc3 dxe4 6. Bc4 Bg7 7. Qb3 e6 8. d5 Nf6 9. dxe6 O-O 10. exf7+ Kh8 11. Nge2 Nc6 12. Qc2 Nb4 13. Qb3 Nd3+ 14. Bxd3 exd3 15. Ng3 Qe7+ 16. Be3 Ng4 17. O-O-O Nxe3 18. Rhe1 Be6 19. Rxe3 Bxb3 20. Rxe7 Bxd1 21. Kxd1 Bxc3 22. bxc3 Kg7 23. Rxb7 Rxf7 24. Rb2 Re8 25. f3 Rfe7 26. Ne4 g5 27. Kd2 g4 28. Kxd3 gxf3 29. gxf3 Rd8+ 30. Ke3 Rd5 31. Rg2+ Kf8 32. c4 Ra5 33. Rf2 Ra3+ 34. Kd4 Rf7 35. c5 Raxf3 36. Rb2 Rd7+ 37. Ke5 Re3 38. Kf4 Re1 39. Rb8+ Kg7 40. Ng5 h6 41. Nf3 Rf1 42. Ke4 Re7+ 43. Ne5 Re1+ 44. Kd4 R1xe5 45. c6 Ra5 46. a4 Rxa4+ 47. Kc5 Ra1 48. Kd6 Kf7 49. Rh8 Rd1+ 50. Kc5 Rc1+ 51. Kb5 Re5+ 52. Ka6 Rxc6+ 53. Kxa7 Kg6 54. Rg8+ Kh5 55. Rg7 Rc2 56. Kb7 Re1 57. h4 Rb1+ 58. Ka8 Ra2+ 59. Ra7 Rxa7+ 60. Kxa7 Rb4 61. Ka6 Rxh4 62. Kb5 Rg4 63. Kc5 Kg5 0-1


[Site "https://www.chess.com"]

[Event "Titled Tuesday Blitz April 19 Late 2022"]
[White "Rosen, Eric"]
[Black "Ardila, Oscar Humberto"]
[WhiteFideId "2032562"]
[BlackFideId "4404742"]
[WhiteElo "2362"]
[BlackElo "1983"]
[Result "1-0"]
[Round "06"]
[TimeControl "180+1"]
[Date "2022.04.19"]
[WhiteClock "0:00:12"]
[BlackClock "0:00:13"]

1. e4 e5 2. Nf3 Nf6 3. Nxe5 d6 4. Nc4 Nxe4 5. Nc3 Nf6 6. d4 Be7 7. Bd3 O-O 8. O-O Nbd7 9. Re1 Re8 10. Bg5 Nf8 11. h3 Ne6 12. Be3 c6 13. a4 Bd7 14. Qf3 Nf8 15. Re2 Qc7 16. Rae1 Ng6 17. Bxg6 hxg6 18. Bf4 Be6 19. Qd3 Qd7 20. Ne3 d5 21. Nb1 Bb4 22. c3 Bf8 23. Nd2 Nh5 24. Bh2 Nf6 25. Nf3 Ne4 26. Ne5 Qc8 27. f3 Nf6 28. g4 Bd6 29. h4 Qc7 30. Kg2 Nd7 31. f4 Nxe5 32. dxe5 Bc5 33. f5 gxf5 34. gxf5 Bc8 35. e6 Qb6 36. Nxd5 cxd5 37. exf7+ Kxf7 38. Rxe8 Qxb2+ 39. R1e2 Qb3 40. Rd8 Be7 41. Qxd5+ Qxd5+ 42. Rxd5 Bf6 43. Be5 b6 44. Kg3 Bb7 45. Rd7+ Kg8 46. Rxb7 Bxe5+ 47. Rxe5 Rc8 48. Ree7 Rxc3+ 49. Kf4 Rc4+ 50. Ke3 Rc3+ 51. Kf2 Rc2+ 52. Kf1 Rc1+ 53. Ke2 Rc2+ 54. Kd3 Ra2 55. Rxg7+ Kh8 56. f6 Ra3+ 57. Kc2 Rxa4 58. Rb8# 1-0


[Site "https://www.chess.com"]

[Event "Titled Tuesday Blitz April 19 Late 2022"]
[White "Rosenberg, Evan S"]
[Black "Bachmann, Axel"]
[WhiteFideId "2019299"]
[BlackFideId "3700488"]
[WhiteElo "2355"]
[BlackElo "2587"]
[Result "1-0"]
[Round "06"]
[TimeControl "180+1"]
[Date "2022.04.19"]
[WhiteClock "0:00:08"]
[BlackClock "0:00:09"]

1. d4 Nf6 2. Nf3 g6 3. Nc3 d5 4. Bf4 Bg7 5. Nb5 Na6 6. h3 O-O 7. e3 c6 8. Nc3 Nc7 9. Bd3 Bf5 10. Bxf5 gxf5 11. g4 fxg4 12. hxg4 Ne4 13. Nxe4 dxe4 14. Ng5 h6 15. Nxe4 Qd5 16. f3 f5 17. gxf5 Qxf5 18. Bxc7 Rac8 19. Bf4 Rcd8 20. Qd3 Qe6 21. Rg1 Kh8 22. Nc5 Qf6 23. O-O-O b6 24. Ne4 Qe6 25. Kb1 Rxf4 26. exf4 Bxd4 27. c3 c5 28. cxd4 Rxd4 29. Qc3 Qd7 30. Rxd4 cxd4 31. Qd3 b5 32. Rd1 e5 33. fxe5 Qf7 34. Qxd4 Qxf3 35. e6+ Kh7 36. e7 Qf7 37. e8=Q Qxe8 38. Nf6+ Kg6 39. Nxe8 Kf7 40. Rf1+ Ke7 41. Qe5+ Kd7 42. Rf7+ Kc6 43. Qd6# 1-0


[Site "https://www.chess.com"]

[Event "Titled Tuesday Blitz April 19 Late 2022"]
[White "Rytenko, Vsevolod"]
[Black "Krishnakumar, Sriram"]
[WhiteFideId "14133040"]
[BlackFideId "30915856"]
[WhiteElo "2120"]
[BlackElo "2432"]
[Result "1-0"]
[Round "06"]
[TimeControl "180+1"]
[Date "2022.04.19"]
[WhiteClock "0:01:11"]
[BlackClock "0:00:20"]

1. e4 e5 2. Nf3 Nc6 3. Bc4 Bc5 4. d4 Bxd4 5. O-O Nf6 6. Nxd4 Nxd4 7. f4 d6 8. Kh1 Qe7 9. fxe5 dxe5 10. Bg5 Be6 11. Bxe6 Qxe6 12. Bxf6 gxf6 13. c3 Nc6 14. Na3 Ke7 15. Nb5 Rad8 16. Qa4 Rd7 17. Qa3+ Ke8 18. Nxa7 Nxa7 19. Qxa7 Qb6 20. Qxb6 cxb6 21. Rxf6 Rd2 22. Rxb6 Rg8 23. Rg1 Rg4 24. Rxb7 Rxe4 25. h3 Ree2 26. a4 Rxb2 27. Rxb2 Rxb2 28. Ra1 Rb6 29. a5 Ra6 30. g4 f6 31. Kg2 Kd7 32. Kf3 Ke6 33. Ke4 Rc6 34. a6 Rc4+ 35. Kd3 Rc8 36. a7 Ra8 37. Ke4 Ke7 38. Kf5 Kf7 39. h4 Kg7 40. c4 Kf7 41. c5 Ke7 42. Ra6 h5 43. gxh5 Kd7 44. h6 e4 45. Kxe4 Ke7 46. Kf5 Kf7 47. Rxf6+ Kg8 48. Ra6 Kh7 49. c6 Rf8+ 50. Ke6 Ra8 51. c7 Re8+ 52. Kd7 Ra8 53. c8=Q Rxc8 54. Kxc8 Kg8 55. a8=Q Kh7 56. Qb7+ Kg8 57. Ra8 Kh8 58. Kb8 Kg8 59. Ka7# 1-0


[Site "https://www.chess.com"]

[Event "Titled Tuesday Blitz April 19 Late 2022"]
[White "Saldano Dayer, Horacio"]
[Black "Petrovskyi, Vadym"]
[WhiteFideId "103411"]
[BlackFideId "14165210"]
[WhiteElo "2419"]
[BlackElo "2400"]
[Result "1/2-1/2"]
[Round "06"]
[TimeControl "180+1"]
[Date "2022.04.19"]
[WhiteClock "0:00:24"]
[BlackClock "0:00:17"]

1. b3 e5 2. Bb2 Nc6 3. e3 d5 4. Bb5 Bd6 5. f4 Qe7 6. Nf3 Bg4 7. fxe5 Bxe5 8. Bxe5 Bxf3 9. Qxf3 Qxe5 10. Bxc6+ bxc6 11. O-O Nf6 12. Nc3 O-O 13. Qf4 Qe6 14. Qxc7 Rfd8 15. Qg3 c5 16. d3 Re8 17. Rae1 Rad8 18. e4 dxe4 19. Nxe4 Nxe4 20. Rxe4 Qb6 21. Qf2 f6 22. Rc4 Re5 23. Re1 Rde8 24. Rxe5 Rxe5 25. h3 h5 26. b4 cxb4 27. Qxb6 axb6 28. Rxb4 Re2 29. c4 Rd2 30. Rxb6 Rxd3 31. a4 Ra3 32. Rb4 Kf7 33. c5 Ke6 34. c6 Kd6 35. Rc4 Kc7 36. g4 Rxh3 37. gxh5 Rxh5 38. Kf2 Rg5 39. Kf3 Ra5 40. Kf4 Ra6 41. Kf5 Rxc6 42. Rg4 g5 43. a5 Kd7 44. Ra4 Ra6 45. Kg6 Ke6 46. Ra1 Ke5 47. Ra2 g4 48. Kh5 f5 49. Kg5 Ke4 50. Ra4+ Ke5 51. Ra3 Ke4 52. Ra4+ Kd5 53. Kxf5 g3 54. Rg4 Rxa5 55. Rxg3 Kc6+ 56. Kg4 Rc5 57. Rf3 Kb5 58. Rf5 Kc4 59. Rxc5+ Kxc5 1/2-1/2


[Site "https://www.chess.com"]

[Event "Titled Tuesday Blitz April 19 Late 2022"]
[White "Salem, A.R. Saleh"]
[Black "Tanenbaum, Zachary"]
[WhiteFideId "9301348"]
[BlackFideId "2060850"]
[WhiteElo "2657"]
[BlackElo "2168"]
[Result "1-0"]
[Round "06"]
[TimeControl "180+1"]
[Date "2022.04.19"]
[WhiteClock "0:02:25"]
[BlackClock "0:00:06"]

1. Nf3 d5 2. g3 Nf6 3. Bg2 c6 4. O-O Bf5 5. h3 Nbd7 6. Nh4 Be4 7. f3 Bg6 8. d3 e5 9. e4 Bc5+ 10. Kh2 O-O 11. Nc3 Re8 12. Qe1 Qe7 13. Bg5 Ng4+ 14. fxg4 Qxg5 15. Nf5 d4 16. h4 Qd8 17. Ne2 Nf6 18. Bh3 h5 19. gxh5 Bxh5 20. g4 Bxg4 21. Qg3 Bxf5 22. Rxf5 Qd6 23. Rg1 g6 24. h5 Kg7 25. hxg6 Rg8 26. Rgf1 fxg6 27. Rxf6 Qxf6 28. Rxf6 Kxf6 29. Ng1 Raf8 30. Nf3 Bd6 31. Qg4 Re8 32. Qd7 Bb8 33. Qxb7 Rc8 34. Bxc8 1-0


[Site "https://www.chess.com"]